 Dungeon Crawl Stone Soup version 0.29.1-12-g30fa7ad0bf (webtiles) character file.

Game seed: 11709552305840847631

1087 Sanktem7 the Fighter (level 8, -2/74 HPs)
             Began as a Minotaur Fighter on Jan 6, 2023.
             Slain by a boulder beetle (18 damage)
             ... on level 6 of the Dungeon.
             The game lasted 00:13:16 (5653 turns).

Sanktem7 the Fighter (Minotaur Fighter)             Turns: 5653, Time: 00:13:16

Health: -2/74      AC: 13    Str: 25    XL:     8   Next: 9%
Magic:  7/7        EV:  8    Int:  5    God:
Gold:   422        SH:  6    Dex: 11    Spells: 7/7 levels left

rFire   . . .      SeeInvis .   a - +0 war axe {axe}
rCold   + . .      Faith    .   w - +2 buckler {rC+}
rNeg    . . .      Spirit   .   f - +0 chain mail
rPois   .          Reflect  .   (helmet restricted)
rElec   .          Harm     .   A - +2 cloak
rCorr   .          Rampage  .   (no gloves)
Will    .....                   (no boots)
Stlth   ..........              (no amulet)
HPRegen 0.22/turn               q - ring "Cobyogoh" {Fly Str+3 Stlth+}
MPRegen 0.10/turn               (no ring)

@: flying
A: horns 2, retaliatory headbutt
a: no special abilities


You were on level 6 of the Dungeon.
You visited 1 branch of the dungeon, and saw 6 of its levels.

You collected 422 gold pieces.


Innate Abilities, Weirdness & Mutations

You have a pair of horns on your head.
You reflexively headbutt those who attack you in melee.


   Skills:
 * Level 8.1 Fighting
 * Level 7.5 Axes
 + Level 6.2 Armour
 - Level 3.6 Shields


You had 7 spell levels left.
You didn't know any spells.
Your spell library contained the following spells:

 Spells                   Type           Power      Damage    Failure   Level
 Poisonous Vapours        Pois/Air       0%         N/A       99%         2
 Corpse Rot               Necr/Pois/Air  0%         N/A       100%        4

Inventory:

Hand Weapons
 a - a +0 war axe (weapon) {axe}
Missiles
 b - 2 boomerangs {throwing}
 k - 4 poisoned darts (quivered) {throwing}
Armour
 f - a +0 chain mail (worn)
   (You found it on level 1 of the Dungeon)
 w - a +2 buckler of cold resistance (worn)
   (You found it on level 3 of the Dungeon)
 A - a +2 cloak (worn)
   (You took it off Crazy Yiuf on level 3 of the Dungeon)
Jewellery
 q - the ring "Cobyogoh" (left hand) {Fly Str+3 Stlth+}
   (You found it on level 3 of the Dungeon)

   [ring of flight]

   Str:       It affects your strength (+3).
   Fly:       It grants you flight.
   Stlth:     It makes you more stealthy.
Wands
 y - a wand of flame (13)
   (You found it on level 4 of the Dungeon)
Scrolls
 g - a scroll of magic mapping {unknown}
 h - 2 scrolls of blinking {!r}
 i - 7 scrolls of teleportation {@r4}
 m - 2 scrolls of enchant armour
 o - 2 scrolls of amnesia {unknown}
 s - a scroll of torment {unknown}
 C - a scroll of fear {unknown}
Potions
 c - a potion of ambrosia {unknown}
 d - a potion of might
 e - a potion of brilliance {unknown}
 j - a potion of curing {unknown}
 l - 2 potions of degeneration {!q@e2}
 n - 2 potions of flight
 r - 2 potions of lignification {!q}
 t - a potion of haste {unknown}
 u - a potion of berserk rage {unknown}
 v - a potion of heal wounds {@q2}
 x - a potion of invisibility {unknown}
 z - 2 potions of resistance {unknown}

Dungeon Overview and Level Annotations

Branches:
Dungeon (6/15) Zot: 26992
 Temple: D:4-7

Altars:
Dithmenos
Hepliaklqana
Makhleb
Nemelex Xobeh
Uskayaw
Wu Jian
Xom
The Shining One

#########
#.<@....#
#..B....#
#...°...#
#.......#
#.......#
#...........
#........###
.........##
...........


You could see a boulder beetle.


Message History

The orc priest shouts!
An orc priest is nearby!
Found a scroll of teleportation.
Found a stone staircase leading up.
The orc priest begins to cast a cantrip, but forgets the words!
You slash the orc priest! You headbutt the orc priest.
You kill the orc priest!
No target in view!
No target in view!
No target in view!
No target in view!
No target in view!
No target in view!
No target in view!
No target in view!
No target in view!
No target in view!
No target in view!
No target in view!
No target in view!
i - 6 scrolls of teleportation {@r4} (gained 1) Key pressed, stopping explore.
D - a scroll of identify {@r1} You now have 422 gold pieces (gained 13).
D - 2 scrolls of identify {@r1} (gained 1)
An adder comes into view.
The adder hisses angrily.
An adder is nearby!
An adder is nearby!
You closely miss the adder. Your headbutt misses the adder.
You block the adder's attack. The adder bites you.
You are poisoned.
The adder poisons you! 😕 HP[-2]
You take 2 damage, and now have 72/74 hp.
You miss the adder. Your headbutt misses the adder.
You feel sick. You block the adder's attack. 😕 HP[-1]
You take 1 damage, and now have 71/74 hp.
You barely miss the adder.
You feel sick. The adder bites you.
You are more poisoned.
The adder poisons you!
The adder bites you but does no damage. 😕 HP[-2]
You take 2 damage, and now have 69/74 hp.
You barely miss the adder.
You feel sick. You block the adder's attack. 😕 HP[-2]
You take 2 damage, and now have 67/74 hp.
You slice the adder!!
You kill the adder!
You feel sick. 😕 HP[-2]
You take 2 damage, and now have 65/74 hp.
You feel sick. 😕 HP[-1]
You take 1 damage, and now have 64/74 hp.
You feel sick. 😕 HP[-1]
You take 1 damage, and now have 63/74 hp.
You feel sick.
You feel sick.
You feel sick.
You are no longer poisoned.
i - 7 scrolls of teleportation {@r4} (gained 1) Key pressed, stopping explore.
Key pressed, stopping explore.
There is a stone staircase leading up here.
You reach down and open the door.
There is an open door here.
Key pressed, stopping explore.
Done exploring. 😎 HP[+11]
Your hp is fully restored (74).
Done exploring.
You drop a +6 dagger {short}.
You drop 13 stones {throwing}.
As you read the scroll of identify {@r1}, it crumbles to dust.
h - 2 scrolls of blinking
As you read the scroll of identify {@r1}, it crumbles to dust.
n - 2 potions of flight
Okay, then.
There is an open door here.
There is a stone staircase leading down here.
You fly downwards.
There is a stone staircase leading up here.
A boulder beetle is nearby!
A boulder beetle is nearby!
A sky beast comes into view.
The boulder beetle curls into a ball and begins rolling!
The sky beast flickers out of sight!
Deactivating autopickup; reactivate with Ctrl-A.
The boulder beetle hits you!!!
Ouch! That really hurt!
* * * LOW HITPOINT WARNING * * *
The boulder beetle stops rolling and uncurls.
You hear a loud, deep croak! 😱 HP[-58]
You take 58 damage, and now have 16/74 hp.
MASSIVE DAMAGE!! (PAUSE)
You hit the boulder beetle but do no damage.
You headbutt the boulder beetle. The boulder beetle bites you!!
You die...

Skill      XL: |  1  2  3  4  5  6  7 |
---------------+----------------------+-----
Fighting       | 4 5 6 8 |  8.1
Axes           | 3 4 5 6 7 |  7.5
Armour         | 4 5 6 |  6.2
Shields        | |  3.6

Action                   |  1- 3 |  4- 6 |  7- 9 || total
-------------------------+-------+-------+-------++-------
Melee: War axe           |    78 |   139 |    98 ||   315
       Headbutt          |     6 |    17 |    21 ||    44
  Use: Scroll            |       |       |     7 ||     7
Armor: Scale mail        |    10 |       |       ||    10
       Chain mail        |    26 |    88 |    33 ||   147
Dodge: Dodged            |    32 |    51 |    30 ||   113
Block: Buckler           |    25 |    29 |    37 ||    91

Levels and vault maps discovered:
D:1:      dpeg_arrival_arbitrary_b, layout_basic,
          hellmonk_ecumenical_altar_watching_god
D:2:      layout_basic, minmay_gold_behind_fungi, dreamdust_princess_corridor,
          uniq_sigmund, uniq_natasha, uniq_robin
D:3:      minmay_chambers_of_threes, layout_loops_cross, lightli_temple_of_fire,
          lemuel_doored_altar, xom_confusion_cloud, mainiacjoe_overflow_paths,
          nemelex_dance_club_becter, uniq_jessica, uniq_crazy_yiuf_cottage,
          uniq_pargi
D:4:      kennysheep_the_goblin_king, layout_cave_pools,
          mainiacjoe_overflow_small_starburst, general_overflow_altar,
          ebering_ghost_sewer_d
D:5:      layout_cave_pools, mainiacjoe_overflow_six_doors_small
D:6:      cheibrodos_thug_alley, layout_rooms, mainiacjoe_overflow_chevrons,
          minmay_temple_entry_mist, chequers_garden, nicolae_shop_firing_range

Notes
Turn   | Place    | Note
-------+----------+-------------------------------------------
     0 | D:1      | Sanktem7 the Minotaur Fighter began the quest for the Orb.
     0 | D:1      | Reached XP level 1. HP: 19/19 MP: 0/0
     0 | D:1      | magus.rc [v1.9.6]
   339 | D:1      | Found a faded altar of an unknown god.
   340 | D:1      | Noticed a golden eye
   343 | D:1      | Reached XP level 2. HP: 27/27 MP: 1/1
   343 | D:1      | Noticed a great orb of eyes
   348 | D:1      | Noticed a great orb of eyes
   358 | D:1      | Noticed a floating eye
   387 | D:1      | Reached skill level 4 in Fighting
   390 | D:1      | Reached skill level 3 in Axes
   974 | D:1      | Reached skill level 4 in Armour
   974 | D:1      | Reached XP level 3. HP: 29/33 MP: 2/2
  1352 | D:2      | Noticed Sigmund
  1575 | D:2      | Killed Sigmund
  1576 | D:2      | Reached skill level 5 in Fighting
  1576 | D:2      | Reached skill level 4 in Axes
  1576 | D:2      | Reached XP level 4. HP: 39/42 MP: 3/3
  1576 | D:2      | Reached XP level 5. HP: 44/48 MP: 4/4
  1992 | D:2      | Noticed Robin
  2009 | D:2      | Reached skill level 5 in Axes
  2010 | D:2      | Noticed Natasha
  2019 | D:2      | Killed Robin
  2027 | D:2      | Killed Natasha
  2028 | D:2      | Reached XP level 6. HP: 26/57 MP: 5/5
  2270 | D:2      | Noticed Natasha
  2277 | D:2      | Killed Natasha
  2278 | D:2      | Reached skill level 6 in Fighting
  2375 | D:3      | Identified the +1 leather armour of the Vanishing Nights
                  | {-Tele rF+ rC++ rCorr}
  2397 | D:3      | Found a runed translucent door.
  2398 | D:3      | Noticed Crazy Yiuf
  2522 | D:3      | Found a shadowy altar of Dithmenos.
  2552 | D:3      | Found a hazy altar of Hepliaklqana.
  2672 | D:3      | Identified the ring "Cobyogoh" {Fly Str+3 Stlth+}
  2757 | D:3      | Noticed Pargi
  2770 | D:3      | Killed Pargi
  2771 | D:3      | Reached skill level 5 in Armour
  2858 | D:3      | Found a shimmering altar of Xom.
  2859 | D:3      | Noticed Jessica
  2877 | D:3      | Killed Jessica
  3133 | D:3      | Reached skill level 6 in Axes
  3161 | D:3      | Found a sparkling altar of Nemelex Xobeh.
  3213 | D:3      | Found a burning altar of Makhleb.
  3328 | D:3      | Reached XP level 7. HP: 64/64 MP: 6/6
  3563 | D:3      | HP: 22/96 [Crazy Yiuf/+2 quarterstaff of chaos (15)]
  3568 | D:3      | Killed Crazy Yiuf
  3911 | D:4      | Found a hide-covered altar of Uskayaw.
  3929 | D:4      | Reached skill level 7 in Fighting
  4083 | D:4      | Found a runed translucent door.
  4247 | D:4      | Found an ornate altar of the Wu Jian Council.
  4596 | D:4      | Noticed hawla's ghost (amateur MeFE)
  4604 | D:4      | Killed hawla's ghost
  4666 | D:5      | Entered Level 5 of the Dungeon
  4695 | D:5      | Reached skill level 7 in Axes
  4882 | D:5      | Reached skill level 6 in Armour
  4942 | D:5      | Reached skill level 8 in Fighting
  4942 | D:5      | Reached XP level 8. HP: 48/74 MP: 7/7
  5220 | D:5      | You pick up a book of Vapours and begin reading...
  5220 | D:5      | You add the spells Poisonous Vapours and Corpse Rot to your
                  | library.
  5627 | D:5      | Found a glowing golden altar of the Shining One.
  5646 | D:6      | Noticed a boulder beetle
  5652 | D:6      | HP: 16/74 [boulder beetle (58)]
  5653 | D:6      | Slain by a boulder beetle

Vanquished Creatures
  Sigmund (D:2)
  Pargi (D:3)
  The ghost of hawla the Firebug, an amateur MeFE (D:4)
  2 ogres (D:5)
  A scorpion (D:4)
  A bullfrog (D:4)
  An orc priest (D:5)
  A hound (D:5)
  Crazy Yiuf (D:3)
  Jessica (D:3)
  An orc wizard (D:5)
  Natasha (twice) (D:2)
  Robin (D:2)
  10 adders
  A gnoll (D:1)
  A white imp (D:5)
  2 ufetubi
  4 worms
  A dart slug (D:4)
  11 orcs
  7 ball pythons
  9 bats
  9 endoplasms
  A giant cockroach (D:2)
  26 goblins
  7 hobgoblins
  8 jackals
  8 quokkas
  6 frilled lizards
  13 kobolds
  9 rats
148 creatures vanquished.

Vanquished Creatures (others)
  3 fungi (D:2)
  4 toadstools (D:2)
7 creatures vanquished.

Grand Total: 155 creatures vanquished

Table legend:
 A = Non-vault XP
 B = Vault XP
 C = Vault XP percentage of total XP
 D = Non-vault monster count
 E = Vault monster count
 F = Vault count percentage of total count
                 A         B        C        D         E       F
            +---------+---------+-------+---------+---------+-------
      Total |     834 |     720 |  46.3 |      99 |      49 |  33.1
            +---------+---------+-------+---------+---------+-------
        D:1 |      55 |       0 |   0.0 |      27 |       0 |   0.0
        D:2 |      84 |     288 |  77.4 |       9 |      15 |  62.5
        D:3 |      58 |     293 |  83.5 |      28 |      25 |  47.2
        D:4 |     228 |     139 |  37.9 |      21 |       9 |  30.0
        D:5 |     409 |       0 |   0.0 |      14 |       0 |   0.0
            +---------+---------+-------+---------+---------+-------

Illustrated notes

Table legend:
 A = Kills in this place as a percentage of kills in entire the game.
 B = Kills by you in this place as a percentage of kills by you in the entire game.
 C = Kills by friends in this place as a percentage of kills by friends in the entire game.
 D = Other kills in this place as a percentage of other kills in the entire game.
 E = Experience gained in this place as a percentage of experience gained in the entire game.
 F = Experience gained in this place divided by the number of levels of this place that you have seen.
                   A       B       C       D       E      F
               +-------+-------+-------+-------+-------+----------------------
         Total | 100.0 | 100.0 |   N/A |   N/A | 100.0 | 259.0
       Dungeon | 100.0 | 100.0 |   N/A |   N/A | 100.0 | 259.0
               +-------+-------+-------+-------+-------+----------------------

Table legend: (Time is in decaauts)
 A = Elapsed time spent in this place.
 B = Non-inter-level travel time spent in this place.
 C = Inter-level travel time spent in this place.
 D = Time resting spent in this place.
 E = Time spent auto-exploring this place.
 F = Levels seen in this place.
 G = Mean time per level.
                   A        B        C        D        E       F      G
               +--------+--------+--------+--------+--------+-----+--------+
         Total |   5749 |   5611 |    138 |    597 |   4150 |   6 |  958.2 |
       Dungeon |   5749 |   5611 |    138 |    597 |   4150 |   6 |  958.2 |
               +--------+--------+--------+--------+--------+-----+--------+

Top non-repeatable levels by time:
     D:1: 1578 daAuts
     D:3: 1574 daAuts
     D:4: 915 daAuts
     D:2: 838 daAuts
     D:5: 835 daAuts
     D:6: 6 daAuts
